 Dungeon Crawl Stone Soup version 0.31-a0-210-gccc998df9b (webtiles) character file.

Game seed: 8349160192069422551

91 123456 the Trooper (level 4, -14/36 (41) HPs)
             Began as a Minotaur Fighter on June 30, 2023.
             Demolished by a gnoll
             ... wielding a +4 halberd
              (15 damage)
             ... on level 3 of the Dungeon.
             The game lasted 00:04:05 (2101 turns).

123456 the Trooper (Minotaur Fighter)               Turns: 2101, Time: 00:04:06

HP:   -14/36 (41)   AC:  7    Str: 22    XL:     4   Next: 33%
MP:   2/2           EV: 10    Int:  5    God:
Gold: 116           SH:  4    Dex: 10    Spells: 3/3 levels left

rFire   . . .        e - +0 mace (heavy)
rCold   . . .        c - +0 buckler
rNeg    . . .        b - +0 scale mail
rPois   .            (helmet restricted)
rElec   .            (no cloak)
rCorr   .            (no gloves)
SInv    .            (no boots)
Will    .....        (no amulet) Stlth
                     (no ring)
HPRegen 0.26/turn    (no ring)
MPRegen 0.08/turn

%: no passive effects
@: silenced, heavily drained
A: horns 2, retaliatory headbutt, camouflage 1, low MP 1
a: no special abilities


You were on level 3 of the Dungeon.
You visited 1 branch of the dungeon, and saw 3 of its levels.

You collected 116 gold pieces.

Inventory:

Hand Weapons
 a - a +0 flail
 e - a +0 heavy mace (weapon)
Armour
 b - a +0 scale mail (worn)
 c - a +0 buckler (worn)
Scrolls
 f - a scroll of enchant armour
 i - a scroll of revelation {unknown}
 j - a scroll of silence
Potions
 d - 3 potions of might
 h - a potion of invisibility


   Skills:
 * Level 4.7 Fighting
 * Level 3.7 Maces & Flails
 + Level 4.2 Armour
 + Level 1.3 Dodging
 - Level 3.6 Shields


You had 3 spell levels left.
You didn't know any spells.
Your spell library contained the following spells:

 Spells                   Type           Power      Damage    Failure   Level
 Magic Dart               Conj           0%         1d3       86%         1
 Call Imp                 Summ           0%         N/A       94%         2
 Lesser Beckoning         Tloc           0%         N/A       94%         2
 Gell's Gravitas          Tloc           0%         N/A       99%         3
 Mephitic Cloud           Conj/Pois/Air  0%         N/A       99%         3
 Ozocubu's Armour         Ice            0%         N/A       99%         3
 Teleport Other           Tloc           0%         N/A       99%         3
 Metabolic Englaciation   Hex/Ice        0%         N/A       100%        5
 Simulacrum               Ice/Necr       0%         N/A       100%        6


Dungeon Overview and Level Annotations

Branches:
Dungeon (3/15)

Altars:

Shops:
D:1 *


Innate Abilities, Weirdness & Mutations

You have a pair of horns on your head.
You reflexively headbutt those who attack you in melee.
Your skin changes colour to match your surroundings (Stealth+).
Your magical capacity is low. (-10% MP)


Message History

You feel drained.
You barely miss the gnoll.
The gnoll is lightly wounded.
A gnoll comes into view. It is wielding a +0 spear.
The gnoll barely misses you. The gnoll closely misses you.
A frilled lizard comes into view.
The gnoll hits you but does no damage.
You feel drained.
You barely miss the gnoll.
The frilled lizard hisses angrily.
The gnoll shouts!
Your headbutt misses the gnoll.
The gnoll is lightly wounded.
The gnoll hits you but does no damage. The gnoll hits you with a +4 halberd!
The gnoll closely misses you.
A goblin comes into view. It is wielding a +0 dagger.
The gnoll hits you but does no damage.
You feel drained.
The gnoll hits you from afar with a +0 spear.
You block the gnoll's attack.
The goblin shouts!
The gnoll closely misses you.
Things that are here:
a +0 flail; a golden potion; a gnoll corpse The gnoll hits you from afar with a +4 halberd.
You hit the gnoll but do no damage. The gnoll barely misses you. x2
The gnoll hits you from afar with a +0 spear.
The gnoll hits you with a +1 flail of draining.
* * * LOW HITPOINT WARNING * * *
You feel drained.
* * * LOW HITPOINT WARNING * * *
The gnoll barely misses you. The gnoll attacks as you move away!
The gnoll hits you with a +1 flail of draining.
* * * LOW HITPOINT WARNING * * *
You feel drained.
* * * LOW HITPOINT WARNING * * *
Okay, then.
As you read the scroll labelled GITSOUTICOC, it crumbles to dust.
A profound silence engulfs you.
It was a scroll of silence.
The frilled lizard bites you but does no damage.
The gnoll hits you from afar with a +4 halberd!
You die...

# #. #.# # #.#.##.#
##. ..#....#
...##...##.# # .
#....#....# .# ###
..#....#..#.##.#....
......#..#gg....#
>........lgg..#
.##.#.@#####...# #
#.###†#.####. ..# #.
#............ .
#..#####.#.####....
#..........# ... #.#
#......#.### #.# #.#
#######)#.# #.# #.#
.......)..# #.# #.#
#######.### #.# #.#


You could see 3 gnolls, a goblin and a frilled lizard.

Vanquished Creatures
  3 gnolls (D:3)
  2 adders (D:2)
  6 endoplasms
  A giant cockroach (D:2)
  4 goblins
  2 hobgoblins
  4 jackals (D:1)
  A quokka (D:3)
  5 bats
  2 frilled lizards
  7 kobolds
  8 rats
45 creatures vanquished.

Notes
Turn   | Place    | Note
-------+----------+-------------------------------------------
     0 | D:1      | 123456 the Minotaur Fighter began the quest for the Orb.
     0 | D:1      | Reached XP level 1. HP: 19/19 MP: 0/0
   249 | D:1      | Reached XP level 2. HP: 17/27 MP: 1/1
   507 | D:1      | Found a faded altar of an unknown god.
   555 | D:1      | Found Wosuic's Assorted Antiques.
  1104 | D:2      | Reached XP level 3. HP: 33/33 MP: 2/2
  1407 | D:2      | Reached skill level 1 in Dodging
  1528 | D:2      | Gained mutation: Your skin changes colour to match your
                  | surroundings (Stealth+). [potion of mutation]
  1528 | D:2      | Gained mutation: Your magical capacity is low. (-10% MP)
                  | [potion of mutation]
  1938 | D:3      | Reached XP level 4. HP: 30/41 MP: 2/2
  2100 | D:3      | HP: 1/36 [gnoll/+1 flail of draining (1)]
  2101 | D:3      | Demolished by a gnoll

Illustrated notes

Levels and vault maps discovered:
D:1:      kilobyte_arrival_exit_the_forest, layout_basic, serial_shops,
          nicolae_shop_gibbet_a_chance,
          shapermc_ecumenical_altar_mp_urbaneastern
D:2:      layout_loops_ring, minmay_crystal_room
D:3:      layout_loops_ring, amcnicky_altar_gilded,
          mainiacjoe_overflow_cross_hatched, minivault_19, nicolae_goblin_pals

Skill      XL: |  1  2  3 |
---------------+----------+-----
Fighting       | 4 |  4.7
Maces & Flails | 3 |  3.7
Armour         | 4 |  4.2
Dodging        | 1 |  1.3
Shields        | |  3.6

Action                     |  1- 3 |  4- 6 || total
---------------------------+-------+-------++-------
  Melee: Flail             |    91 |       ||    91
         Headbutt          |     9 |     1 ||    10
         Mace              |     2 |    10 ||    12
    Use: Scroll            |     3 |     1 ||     4
         Potion            |     1 |       ||     1
 Armour: Scale mail        |    61 |     5 ||    66
  Dodge: Dodged            |    50 |    13 ||    63
  Block: Buckler           |    13 |     1 ||    14

Table legend: (Time is in decaauts)
 A = Elapsed time spent in this place.
 B = Non-inter-level travel time spent in this place.
 C = Inter-level travel time spent in this place.
 D = Time resting spent in this place.
 E = Time spent auto-exploring this place.
 F = Levels seen in this place.
 G = Mean time per level.
                   A        B        C        D        E       F      G
               +--------+--------+--------+--------+--------+-----+--------+
         Total |   2143 |   2051 |     92 |    123 |   1628 |   3 |  714.3 |
       Dungeon |   2143 |   2051 |     92 |    123 |   1628 |   3 |  714.3 |
               +--------+--------+--------+--------+--------+-----+--------+

Top non-repeatable levels by time:
     D:1: 1100 daAuts
     D:2: 778 daAuts
     D:3: 263 daAuts
